 Dungeon Crawl Stone Soup version 0.31.0-12-g77e489cdc1 (webtiles) character file.

Game seed: 13195363214308356220

1194 Qavvik the Troll-At-Arms (level 8, -12/75 (78) HPs)
             Began as a Troll Gladiator on Feb 11, 2024.
             Was a Believer of Okawaru.
             Mangled by a wight
             ... wielding a +4 halberd
              (13 damage)
             ... on level 6 of the Dungeon.
             The game lasted 00:05:40 (3456 turns).

Qavvik the Troll-At-Arms (Troll Gladiator)          Turns: 3456, Time: 00:05:41

HP:   -12/75 (78)   AC:  4    Str: 25    XL:     8   Next: 20%
MP:   11/11         EV: 10    Int:  4    God:    Okawaru [**....]
Gold: 370           SH:  0    Dex: 11    Spells: 7/7 levels left

rFire   . .          .
                       - Unarmed
rCold   . . .        (no shield)
rNeg    . . .        a - +0 robe
rPois   .            b - +0 hat
rElec   .            (no cloak)
rCorr   .            (gloves unavailable)
SInv    .            (boots unavailable)
Will    .....        (no amulet)
Stlth   +            (no ring)
HPRegen 1.12/turn    (no ring)
MPRegen 0.12/turn

%: no passive effects
@: lightly drained
A: large, unfitting armour, claws 3, regeneration 1, shaggy fur 1, tough skin 1
a: Renounce Religion, Heroism


You were on level 6 of the Dungeon.
You worshipped Okawaru.
Okawaru was pleased with you.
You visited 1 branch of the dungeon, and saw 6 of its levels.

You collected 370 gold pieces.


Innate Abilities, Weirdness & Mutations

You are too large for most types of armour.
You have claws for hands.
Your natural rate of healing is unusually fast.
You are covered in fur. (AC +1)
You have tough skin. (AC +1)


   Skills:
 - Level 4.0 Fighting
 - Level 4.0 Throwing
 - Level 2.4 Dodging
 - Level 4.0 Unarmed Combat
 + Level 6.5 Invocations


You had 7 spell levels left.
You didn't know any spells.
Your spell library contained the following spells:

 Spells                   Type           Power      Damage    Failure   Level
 Slow                     Hex            0%         N/A       50%         1
 Mercury Vapours          Alch/Air       0%         N/A       65%         2
 Confusing Touch          Hex            0%         N/A       86%         3
 Mephitic Cloud           Conj/Alch/Air  0%         N/A       86%         3
 Sigil of Binding         Hex            0%         N/A       86%         3
 Vampiric Draining        Necr           0%         2d6       86%         3
 Freezing Cloud           Conj/Ice/Air   0%         6-21      100%        5
 Conjure Ball Lightning   Conj/Air       0%         3x3d6     100%        6
 Discord                  Hex            0%         N/A       100%        8
 Disjunction              Tloc           0%         N/A       100%        8

Inventory:

Hand Weapons
 g - a +2 dagger of venom
Missiles
 c - 2 throwing nets {=f}
 d - a large rock {=f}
 p - 4 poisoned darts
 t - 6 curare-tipped darts (quivered) {=f}
Armour
 a - a +0 robe (worn)
 b - a +0 hat (worn)
Magical Staves
 y - a staff of earth {!a}
Scrolls
 e - a scroll of blinking {unknown}
 f - 2 scrolls of revelation {unknown}
 l - 2 scrolls of amnesia
 n - 2 scrolls of teleportation {@r2}
 q - a scroll of poison {unknown}
 r - 2 scrolls of enchant weapon {unknown}
 u - 3 scrolls of butterflies {unknown}
 w - a scroll of enchant armour {unknown}
Potions
 h - 2 potions of magic
 i - 3 potions of heal wounds {@q2}
 j - 4 potions of curing {@q1}
 k - 2 potions of lignification
 m - 2 potions of attraction
 o - a potion of resistance {unknown}
 v - a potion of might {unknown}
 x - a potion of invisibility {unknown}

Dungeon Overview and Level Annotations

Branches:
Dungeon (6/15)
 Temple: D:4-7

Altars:
Elyvilon
Okawaru

#######.##.....
...........#
#####.#...## ..
#.....# ...
##....#...
#..####..
#.##$..#
#.#....#
#@#c...#
#.lzF.# #..k###
##.... #.##.#
#.. .# ### . ##


You could see a wyvern, a bullfrog, an iguana and a wight.


Message History

The wight is heavily damaged.
The iguana barely misses you. The wight misses you. The wyvern bites you!
You scratch the wight but do no damage.
The wight is heavily damaged.
The wight closely misses you. The iguana bites you! The wyvern bites you!
* * * LOW HITPOINT WARNING * * *
You are too injured to fight recklessly!
You are too injured to fight recklessly!
You are too injured to fight recklessly!
You are too injured to fight recklessly!
You are too injured to fight recklessly!
You are too injured to fight recklessly!
You are too injured to fight recklessly!
You are too injured to fight recklessly!
You are too injured to fight recklessly!
You are too injured to fight recklessly!
You are too injured to fight recklessly!
You are too injured to fight recklessly!
You are too injured to fight recklessly!
Unknown command.
The wyvern bites you.
* * * LOW HITPOINT WARNING * * *
The wight hits you from afar with a +4 halberd!
* * * LOW HITPOINT WARNING * * *
The wyvern closely misses you. The iguana attacks as it pursues you!
The iguana bites you!
* * * LOW HITPOINT WARNING * * *
The wight attacks as it pursues you!
The wight hits you from afar with a +4 halberd!
You die...

Skill      XL: |  1  2  3  4  5  6  7 |
---------------+----------------------+-----
Fighting       | 2 3 4 |  4.0
Unarmed Combat | 4 |  4.0
Throwing       | 2 3 4 |  4.0
Invocations    | 3 6 |  6.5
Dodging        | |  2.4

Action                     |  1- 3 |  4- 6 |  7- 9 || total
---------------------------+-------+-------+-------++-------
  Melee: Unarmed           |    72 |   108 |    45 ||   225
         Punch             |       |     3 |       ||     3
  Throw: Large rock        |       |     1 |       ||     1
         Throwing net      |       |     1 |       ||     1
         Dart              |       |     2 |     1 ||     3
    Use: Scroll            |       |     5 |     2 ||     7
         Potion            |       |     1 |       ||     1
   Stab: Sleeping          |     2 |     3 |       ||     5
 Armour: Robe              |    34 |    64 |    34 ||   132
  Dodge: Dodged            |    39 |    29 |    33 ||   101

Levels and vault maps discovered:
D:1:      dpeg_arrival_solitude, layout_rooms, dreamdust_ecumenical_altar_grove
D:2:      layout_basic
D:3:      layout_basic, uniq_sigmund
D:4:      layout_rooms, mainiacjoe_overflow_paths, minmay_quadrilaterals,
          uniq_blork_the_orc
D:5:      layout_gridville, elyvilon_altar_4
D:6:      layout_loops_ring, lemuel_mausoleum_altar_yredelemnul,
          minmay_temple_entry_statues_fountains, minmay_bent

Notes
Turn   | Place    | Note
-------+----------+-------------------------------------------
     0 | D:1      | Qavvik the Troll Gladiator began the quest for the Orb.
     0 | D:1      | Reached XP level 1. HP: 19/19 MP: 0/0
    44 | D:1      | Reached skill level 2 in Fighting
    63 | D:1      | Reached XP level 2. HP: 28/28 MP: 1/1
   100 | D:1      | Found a faded altar of an unknown god.
   389 | D:2      | Reached XP level 3. HP: 36/36 MP: 2/2
   430 | D:2      | Reached skill level 3 in Fighting
   745 | D:2      | Reached XP level 4. HP: 42/45 MP: 3/3
  1209 | D:3      | Noticed Sigmund
  1219 | D:3      | Killed Sigmund
  1220 | D:3      | Reached skill level 4 in Fighting
  1220 | D:3      | Reached skill level 4 in Unarmed Combat
  1220 | D:3      | Reached skill level 2 in Throwing
  1220 | D:3      | Reached XP level 5. HP: 49/54 MP: 4/4
  1351 | D:3      | Reached skill level 3 in Throwing
  1695 | D:3      | Reached XP level 6. HP: 58/62 MP: 5/5
  1884 | D:4      | Found an iron altar of Okawaru.
  1916 | D:4      | Became a worshipper of Warmaster Okawaru
  2134 | D:4      | Reached skill level 1 in Invocations
  2227 | D:4      | Noticed Blork the orc
  2249 | D:4      | HP: 6/62 [Blork the orc/+0 mace (10)]
  2249 | D:4      | HP: 1/62 [Blork the orc/+0 mace (5)]
  2250 | D:4      | Killed Blork the orc
  2251 | D:4      | Reached skill level 4 in Throwing
  2449 | D:5      | Entered Level 5 of the Dungeon
  2474 | D:5      | Reached skill level 2 in Invocations
  2552 | D:5      | Reached * piety under Okawaru
  2691 | D:5      | Reached skill level 3 in Invocations
  2691 | D:5      | Reached XP level 7. HP: 59/70 MP: 8/8
  2773 | D:5      | Reached skill level 4 in Invocations
  2900 | D:5      | Reached skill level 5 in Invocations
  2983 | D:5      | Found a white marble altar of Elyvilon.
  3351 | D:6      | Noticed a troll
  3367 | D:5      | Killed a troll
  3367 | D:5      | Reached ** piety under Okawaru
  3368 | D:5      | Reached skill level 6 in Invocations
  3368 | D:5      | Reached XP level 8. HP: 38/78 MP: 9/11
  3456 | D:6      | HP: 1/75 [iguana (12)]
  3456 | D:6      | Mangled by a wight

Vanquished Creatures
  A troll (D:5)
  Sigmund (D:3)
  A black bear (D:5)
  2 ogres
  Blork the orc (D:4)
  3 scorpions (D:5)
  A howler monkey (D:5)
  A bombardier beetle (D:5)
  A hound (D:4)
  An iguana (D:6)
  A sleepcap (D:5)
  An orc wizard (D:3)
  6 adders
  3 dart slugs
  3 ribbon worms
  6 orcs
  5 bats
  4 endoplasms
  3 giant cockroaches
  6 goblins
  8 hobgoblins
  4 kobolds
  7 quokkas
  7 ball pythons
  3 frilled lizards
  5 rats
85 creatures vanquished.

Table legend: (Time is in decaauts)
 A = Elapsed time spent in this place.
 B = Non-inter-level travel time spent in this place.
 C = Inter-level travel time spent in this place.
 D = Time resting spent in this place.
 E = Time spent auto-exploring this place.
 F = Levels seen in this place.
 G = Mean time per level.
                   A        B        C        D        E       F      G
               +--------+--------+--------+--------+--------+-----+--------+
         Total |   3441 |   3272 |    169 |    177 |   2460 |   6 |  573.5 |
       Dungeon |   3441 |   3272 |    169 |    177 |   2460 |   6 |  573.5 |
               +--------+--------+--------+--------+--------+-----+--------+

Top non-repeatable levels by time:
     D:5: 945 daAuts
     D:3: 812 daAuts
     D:2: 661 daAuts
     D:4: 621 daAuts
     D:1: 343 daAuts
     D:6: 57 daAuts

Table legend:
 A = Non-vault XP
 B = Vault XP
 C = Vault XP percentage of total XP
 D = Non-vault monster count
 E = Vault monster count
 F = Vault count percentage of total count
                 A         B        C        D         E       F
            +---------+---------+-------+---------+---------+-------
      Total |     919 |     788 |  46.2 |      75 |       9 |  10.7
            +---------+---------+-------+---------+---------+-------
        D:1 |      35 |       0 |   0.0 |      17 |       0 |   0.0
        D:2 |      65 |       0 |   0.0 |      23 |       0 |   0.0
        D:3 |      78 |     214 |  73.3 |      15 |       1 |   6.2
        D:4 |      96 |     111 |  53.6 |      11 |       5 |  31.2
        D:5 |     645 |     307 |  32.2 |       9 |       1 |  10.0
        D:6 |       0 |     156 | 100.0 |       0 |       2 | 100.0
            +---------+---------+-------+---------+---------+-------
